TOP OF THE 1ST |
Oakland Athletics batting - Pitching for Detroit Tigers : LHP Charlie Leibrandt
|
Pitching: LHP Charlie Leibrandt
|
|
Batting: RHB Willie Randolph
|
0-0: Called Strike 0-1: Ball 1-1: Fly out, F7 (Flyball, 7S, EV 85.6 MPH)
|
Batting: RHB Toby Harrah
|
0-0: Called Strike 0-1: Swinging Strike 0-2: Foul Ball, location: 2F 0-2: Ball 1-2: Foul Ball, location: 2F 1-2: Strikes out swinging
|
Batting: LHB Ruppert Jones
|
0-0: Ball 1-0: Foul Ball, location: 2F 1-1: SOLO HOME RUN (Flyball, 9LD, EV 98.8 MPH), Distance : 368 ft
|
Batting: RHB George Hendrick
|
0-0: Swinging Strike 0-1: Ball 1-1: Foul Ball, location: 2F 1-2: Ball 2-2: Foul Ball, location: 2F 2-2: Fly out, F9 (Flyball, 9, EV 88.1 MPH)
|
Top of the 1st over - 1 run, 1 hit, 0 errors, 0 left on base; Oakland 1 - Detroit 0 |
BOTTOM OF THE 1ST |
Detroit Tigers batting - Pitching for Oakland Athletics : RHP Mitch Byrnes
|
Pitching: RHP Mitch Byrnes
|
|
Batting: RHB Tack Wilson
|
0-0: Called Strike 0-1: Ball 1-1: DOUBLE (Groundball, 5L, EV 106.3 MPH)
|
Batting: SHB Lee Mazzilli
|
0-0: Ball 1-0: Foul Ball, location: 2F 1-1: Foul Ball, location: 2F 1-2: Strikes out looking
|
Batting: SHB Tony Phillips
|
0-0: Ball 1-0: Ball 2-0: Ball 3-0: Base on Balls
|
Batting: LHB Jerry Tabb
|
0-0: Grounds into double play, 6-4-3 (Groundball, 6, EV 86.3 MPH)
|
Bottom of the 1st over - 0 runs, 1 hit, 0 errors, 1 left on base; Oakland 1 - Detroit 0 |
TOP OF THE 2ND |
Oakland Athletics batting - Pitching for Detroit Tigers : LHP Charlie Leibrandt
|
Batting: LHB Ben Oglivie
|
0-0: Called Strike 0-1: Swinging Strike 0-2: SINGLE (Line Drive, 6MD, EV 96.3 MPH)
|
Batting: LHB Reggie Jackson
|
0-0: Ball 1-0: Called Strike Ben Oglivie steals 2nd, throwing error, E2 Ben Oglivie to third 1-1: Ball 2-1: Called Strike 2-2: Foul Ball, location: 2F 2-2: Ball 3-2: Fly out, F7 (Flyball, 7S, EV 87.5 MPH)
|
Batting: RHB Dave Henderson
|
0-0: Swinging Strike 0-1: Fly out, F8 (Flyball, 8LXD, EV 95.0 MPH) Runner from 3rd tags up, SCORES, no throw by CF
|
Batting: RHB Barry Foote
|
0-0: Called Strike 0-1: Ball 1-1: Fly out, F6 (Flyball, 56D, EV 78.8 MPH)
|
Top of the 2nd over - 1 run, 1 hit, 1 error, 0 left on base; Oakland 2 - Detroit 0 |
BOTTOM OF THE 2ND |
Detroit Tigers batting - Pitching for Oakland Athletics : RHP Mitch Byrnes
|
Batting: RHB Larry Parrish
|
0-0: SOLO HOME RUN (Flyball, 78XD, EV 105.6 MPH), Distance : 405 ft
|
Batting: RHB Rusty Kuntz
|
0-0: Ball 1-0: Ball 2-0: Called Strike 2-1: Called Strike 2-2: Ball 3-2: Reached on error, E5 (Groundball, 25, EV 92.5 MPH)
|
Batting: LHB Dan Graham
|
0-0: Ball 1-0: Ball Rusty Kuntz steals 2nd, throwing error, E2 Rusty Kuntz to third 2-0: Called Strike 2-1: Foul Ball, location: 2F 2-2: Strikes out looking
|
Batting: RHB Jose Hidalgo
|
0-0: Fly out, F4 (Flyball, 3D, EV 87.5 MPH)
|
Batting: SHB Raul Gonzalez
|
0-0: Foul Ball, location: 2F 0-1: Ground out 6-3 (Groundball, 6, EV 81.3 MPH)
|
Bottom of the 2nd over - 1 run, 1 hit, 2 errors, 1 left on base; Oakland 2 - Detroit 1 |
TOP OF THE 3RD |
Oakland Athletics batting - Pitching for Detroit Tigers : LHP Charlie Leibrandt
|
Batting: RHB Scott Fletcher
|
0-0: Called Strike 0-1: Foul Ball, location: 2F 0-2: Ball 1-2: Ball 2-2: Ground out 3-1 (Groundball, 13, EV 82.5 MPH)
|
Batting: RHB Willie Randolph
|
0-0: Ground out 5-3 (Groundball, 56, EV 103.8 MPH)
|
Batting: RHB Toby Harrah
|
0-0: Called Strike 0-1: Foul Ball, location: 2F 0-2: Ball 1-2: Ball 2-2: Ball 3-2: Fly out, F7 (Flyball, 78S, EV 89.4 MPH)
|
Top of the 3rd over - 0 runs, 0 hits, 0 errors, 0 left on base; Oakland 2 - Detroit 1 |
BOTTOM OF THE 3RD |
Detroit Tigers batting - Pitching for Oakland Athletics : RHP Mitch Byrnes
|
Batting: RHB Tack Wilson
|
0-0: Ground out 1-3 (Groundball, 13S, EV 73.1 MPH)
|
Batting: SHB Lee Mazzilli
|
0-0: Foul Ball, location: 2F 0-1: Ball 1-1: Ball 2-1: Ball 3-1: Foul Ball, location: 2F 3-2: Base on Balls
|
Batting: SHB Tony Phillips
|
0-0: Ball 1-0: Called Strike 1-1: Called Strike Lee Mazzilli steals 2nd base 1-2: Strikes out swinging
|
Batting: LHB Jerry Tabb
|
0-0: Ball 1-0: 2-RUN HOME RUN (Flyball, 9LD, EV 103.1 MPH), Distance : 345 ft
|
Batting: RHB Larry Parrish
|
0-0: Foul Ball, location: 2F 0-1: Foul Ball, location: 2F 0-2: Ball 1-2: Foul Ball, location: 2F 1-2: Fly out, F7 (Line Drive, 7, EV 91.3 MPH)
|
Bottom of the 3rd over - 2 runs, 1 hit, 0 errors, 0 left on base; Oakland 2 - Detroit 3 |
TOP OF THE 4TH |
Oakland Athletics batting - Pitching for Detroit Tigers : LHP Charlie Leibrandt
|
Batting: LHB Ruppert Jones
|
0-0: Foul Ball, location: 2F 0-1: Ball 1-1: Ball 2-1: Ground out 6-3 (Groundball, 6, EV 80.0 MPH)
|
Batting: RHB George Hendrick
|
0-0: Ball 1-0: Called Strike 1-1: Ball 2-1: Swinging Strike 2-2: Ball 3-2: SINGLE (Groundball, 6MD, EV 96.3 MPH)
|
Batting: LHB Ben Oglivie
|
0-0: Called Strike 0-1: Foul Ball, location: 2F 0-2: Ball 1-2: Reached on error, E9 (Flyball, 9D, EV 98.1 MPH) George Hendrick to second
|
Batting: LHB Reggie Jackson
|
0-0: Called Strike 0-1: SINGLE (Line Drive, 4MD, EV 93.8 MPH) George Hendrick to third Ben Oglivie to second Runner from 3rd tries for Home, SAFE, throw by CF to home
|
Batting: RHB Dave Henderson
|
0-0: Ball 1-0: Swinging Strike 1-1: Ball 2-1: SINGLE (Flyball, 9LS, EV 94.4 MPH) Ben Oglivie to third Reggie Jackson to second Runner from 3rd tries for Home, SAFE, throw by RF to home
|
Batting: RHB Barry Foote
|
0-0: 3-RUN HOME RUN (Flyball, 7LD, EV 96.9 MPH), Distance : 371 ft
|
Pitching: RHP Douglas Mathey
|
|
Batting: RHB Scott Fletcher
|
0-0: Ball 1-0: Called Strike 1-1: Ball 2-1: Swinging Strike 2-2: Foul Ball, location: 2F 2-2: Strikes out swinging
|
Batting: RHB Willie Randolph
|
0-0: Ball 1-0: Ball 2-0: Called Strike 2-1: Called Strike 2-2: Fly out, F9 (Flyball, 9, EV 76.9 MPH)
|
Top of the 4th over - 5 runs, 4 hits, 1 error, 0 left on base; Oakland 7 - Detroit 3 |
BOTTOM OF THE 4TH |
Detroit Tigers batting - Pitching for Oakland Athletics : RHP Mitch Byrnes
|
Batting: RHB Rusty Kuntz
|
0-0: Called Strike 0-1: Fly out, F8 (Line Drive, 8LD, EV 90.6 MPH)
|
Batting: LHB Dan Graham
|
0-0: Ball 1-0: Ball 2-0: Called Strike 2-1: Called Strike 2-2: Ball 3-2: Base on Balls
|
Batting: RHB Jose Hidalgo
|
0-0: Ball 1-0: Called Strike 1-1: Ball 2-1: Called Strike 2-2: Ball 3-2: Foul Ball, location: 2F 3-2: Fly out, F9 (Flyball, 89M, EV 84.4 MPH)
|
Batting: SHB Raul Gonzalez
|
0-0: Ball 1-0: Called Strike 1-1: Ball Wild Pitch! Dan Graham to second 2-1: SINGLE (Groundball, 34D, EV 90.0 MPH) (infield hit) Dan Graham to third
|
Batting: RHB Tack Wilson
|
0-0: Ball 1-0: Ball Passed Ball! Dan Graham scores Raul Gonzalez to second 2-0: Called Strike 2-1: Ball 3-1: Foul Ball, location: 2F 3-2: Fly out, F9 (Flyball, 9, EV 90.6 MPH)
|
Bottom of the 4th over - 1 run, 1 hit, 0 errors, 1 left on base; Oakland 7 - Detroit 4 |
TOP OF THE 5TH |
Oakland Athletics batting - Pitching for Detroit Tigers : RHP Douglas Mathey
|
Batting: RHB Toby Harrah
|
0-0: Ball 1-0: Ground out 4-3 (Groundball, 34, EV 81.9 MPH)
|
Batting: LHB Ruppert Jones
|
0-0: Ball 1-0: Ball 2-0: Called Strike 2-1: Ball 3-1: Foul Ball, location: 2F 3-2: Fly out, F5 (Line Drive, 5, EV 74.4 MPH)
|
Batting: RHB George Hendrick
|
0-0: SINGLE (Groundball, 34D, EV 97.5 MPH)
|
Batting: LHB Ben Oglivie
|
0-0: Called Strike 0-1: Called Strike 0-2: Fly out, F8 (Flyball, 8LS, EV 88.1 MPH)
|
Top of the 5th over - 0 runs, 1 hit, 0 errors, 1 left on base; Oakland 7 - Detroit 4 |
BOTTOM OF THE 5TH |
Detroit Tigers batting - Pitching for Oakland Athletics : RHP Mitch Byrnes
|
Batting: SHB Lee Mazzilli
|
0-0: Ball 1-0: Ball 2-0: Called Strike 2-1: Foul Ball, location: 2F 2-2: SINGLE (Groundball, 34S, EV 62.5 MPH) (infield hit)
|
Batting: SHB Tony Phillips
|
0-0: Called Strike 0-1: Called Strike 0-2: Ball 1-2: Fielders Choice at 2nd, 6-4 (Groundball, 6, EV 88.1 MPH)
|
Batting: LHB Jerry Tabb
|
0-0: Ball Tony Phillips is caught stealing 2nd base 2-6 1-0: Fly out, F7 (Flyball, 78S, EV 85.0 MPH)
|
Bottom of the 5th over - 0 runs, 1 hit, 0 errors, 0 left on base; Oakland 7 - Detroit 4 |
TOP OF THE 6TH |
Oakland Athletics batting - Pitching for Detroit Tigers : RHP Douglas Mathey
|
Batting: LHB Reggie Jackson
|
0-0: Called Strike 0-1: Called Strike 0-2: Foul Ball, location: 2F 0-2: Ball 1-2: SOLO HOME RUN (Flyball, 9D, EV 101.3 MPH), Distance : 396 ft
|
Batting: RHB Dave Henderson
|
0-0: Ball 1-0: Called Strike 1-1: Swinging Strike 1-2: Foul Ball, location: 2F 1-2: Ground out 6-3 (Groundball, 6, EV 78.8 MPH)
|
Batting: RHB Barry Foote
|
0-0: Ball 1-0: Called Strike 1-1: Foul Ball, location: 2F 1-2: Foul Ball, location: 2F 1-2: Strikes out swinging
|
Batting: RHB Scott Fletcher
|
0-0: Called Strike 0-1: Fly out, F9 (Flyball, 9, EV 83.8 MPH)
|
Top of the 6th over - 1 run, 1 hit, 0 errors, 0 left on base; Oakland 8 - Detroit 4 |
BOTTOM OF THE 6TH |
Detroit Tigers batting - Pitching for Oakland Athletics : RHP Mitch Byrnes
|
Batting: RHB Larry Parrish
|
0-0: SINGLE (Groundball, 4MD, EV 99.4 MPH)
|
Batting: RHB Rusty Kuntz
|
0-0: Ball 1-0: Ball 2-0: Ball 3-0: Called Strike 3-1: Base on Balls Larry Parrish to second
|
Batting: LHB Dan Graham
|
0-0: Ball 1-0: Ball 2-0: Ball 3-0: Called Strike 3-1: Base on Balls Larry Parrish to third Rusty Kuntz to second
|
Batting: RHB Jose Hidalgo
|
0-0: Called Strike 0-1: Ball 1-1: Ball 2-1: SINGLE (Groundball, 5S, EV 68.1 MPH) (infield hit) Larry Parrish scores Rusty Kuntz to third Dan Graham to second
|
Pitching: RHP Ron G Davis
|
|
Batting: SHB Raul Gonzalez
|
0-0: Foul Ball, location: 2F 0-1: Called Strike 0-2: Grounds into fielders choice 4-2 (Groundball, 4, EV 86.9 MPH) Dan Graham to third Jose Hidalgo to second
|
Batting: RHB Tack Wilson
|
0-0: Ball 1-0: Foul Ball, location: 2F 1-1: Grounds into fielders choice 4-2 (Groundball, 4S, EV 76.3 MPH) Jose Hidalgo to third Raul Gonzalez to second
|
Batting: SHB Lee Mazzilli
|
0-0: Hit by Pitch Jose Hidalgo scores Raul Gonzalez to third Tack Wilson to second
|
Batting: SHB Tony Phillips
|
0-0: Called Strike 0-1: Ball 1-1: SINGLE (Groundball, 23, EV 65.0 MPH) (infield hit) Raul Gonzalez scores Tack Wilson to third Lee Mazzilli to second
|
Batting: LHB Jerry Tabb
|
0-0: Called Strike 0-1: Foul Ball, location: 2F 0-2: SINGLE (Flyball, 7LS, EV 92.5 MPH) Tack Wilson scores Lee Mazzilli to third Tony Phillips to second Runner from 3rd tries for Home, SAFE, throw by LF to home
|
Batting: RHB Larry Parrish
|
0-0: Fly out, F8 (Line Drive, 8RD, EV 90.0 MPH)
|
Bottom of the 6th over - 5 runs, 4 hits, 0 errors, 2 left on base; Oakland 8 - Detroit 9 |
TOP OF THE 7TH |
Oakland Athletics batting - Pitching for Detroit Tigers : RHP Douglas Mathey
|
Batting: RHB Willie Randolph
|
0-0: Ball 1-0: Foul Ball, location: 2F 1-1: Called Strike 1-2: Strikes out swinging
|
Batting: RHB Toby Harrah
|
0-0: SINGLE (Groundball, 6D, EV 104.4 MPH)
|
Batting: LHB Ruppert Jones
|
0-0: Ball 1-0: Foul Ball, location: 2F 1-1: Ball 2-1: Foul Ball, location: 2F 2-2: Foul Ball, location: 2F 2-2: SINGLE (Line Drive, 78M, EV 108.1 MPH) Toby Harrah to second
|
Batting: RHB George Hendrick
|
0-0: Ball 1-0: Called Strike 1-1: Fly out, F3 (Popup, 23F, EV 78.1 MPH)
|
Batting: LHB Ben Oglivie
|
0-0: Called Strike 0-1: Ball 1-1: Ball 2-1: SINGLE (Groundball, 6MD, EV 98.1 MPH) Toby Harrah to third Ruppert Jones to second Runner from 3rd tries for Home, SAFE, throw by CF to home
|
Pitching: LHP Dave McNally
|
|
Batting: LHB Reggie Jackson
|
0-0: Foul Ball, location: 2F 0-1: Ball 1-1: Ball 2-1: Called Strike 2-2: Ball 3-2: Base on Balls Ruppert Jones to third Ben Oglivie to second
|
Pitching: RHP Santo Alcala
|
|
Batting: RHB Dave Henderson
|
0-0: Ball 1-0: Ball 2-0: Fly out, F4 (Popup, 4M, EV 55.6 MPH)
|
Top of the 7th over - 1 run, 3 hits, 0 errors, 3 left on base; Oakland 9 - Detroit 9 |
BOTTOM OF THE 7TH |
Detroit Tigers batting - Pitching for Oakland Athletics : RHP Ron G Davis
|
Batting: RHB Rusty Kuntz
|
0-0: Called Strike 0-1: Foul Ball, location: 2F 0-2: Strikes out looking
|
Batting: LHB Dan Graham
|
0-0: Fly out, F6 (Popup, P, EV 80.0 MPH)
|
Batting: RHB Jose Hidalgo
|
0-0: Ball 1-0: Foul Ball, location: 2F 1-1: Ground out 6-3 (Groundball, 56, EV 100.0 MPH)
|
Bottom of the 7th over - 0 runs, 0 hits, 0 errors, 0 left on base; Oakland 9 - Detroit 9 |
TOP OF THE 8TH |
Oakland Athletics batting - Pitching for Detroit Tigers : RHP Santo Alcala
|
Batting: RHB Barry Foote
|
0-0: Ball 1-0: Called Strike 1-1: Ball 2-1: Fly out, F6 (Flyball, 5D, EV 93.8 MPH)
|
Batting: RHB Scott Fletcher
|
0-0: Ball 1-0: Called Strike 1-1: Swinging Strike 1-2: Ball 2-2: Strikes out swinging
|
Batting: RHB Willie Randolph
|
0-0: Ball 1-0: Foul Ball, location: 2F 1-1: Ground out 3-1 (Groundball, 34, EV 86.3 MPH)
|
Top of the 8th over - 0 runs, 0 hits, 0 errors, 0 left on base; Oakland 9 - Detroit 9 |
BOTTOM OF THE 8TH |
Detroit Tigers batting - Pitching for Oakland Athletics : RHP Ron G Davis
|
Batting: SHB Raul Gonzalez
|
0-0: Swinging Strike 0-1: Foul Ball, location: 2F 0-2: Ball 1-2: SINGLE (Flyball, 8LS, EV 91.9 MPH)
|
Batting: RHB Tack Wilson
|
0-0: Ball 1-0: Ball 2-0: Foul Ball, location: 2F 2-1: Bunted foul 2-2: Foul Ball, location: 2F 2-2: Foul Ball, location: 2F 2-2: Foul Ball, location: 2F 2-2: Ball 3-2: TRIPLE (Flyball, 89XD, EV 98.8 MPH) Raul Gonzalez scores
|
Batting: SHB Lee Mazzilli
|
0-0: Ball 1-0: Ground out 1-3 (Groundball, 13, EV 77.5 MPH)
|
Batting: SHB Tony Phillips
|
0-0: Intentional Walk
|
Batting: LHB Jerry Tabb
|
0-0: Ball Wild Pitch! Tack Wilson scores Tony Phillips to second 1-0: Intentional Walk
|
Batting: RHB Larry Parrish
|
0-0: Ball 1-0: Foul Ball, location: 2F 1-1: Foul Ball, location: 2F 1-2: Ball 2-2: Strikes out swinging
|
Batting: RHB Rusty Kuntz
|
0-0: Ball 1-0: Ball 2-0: Swinging Strike 2-1: Foul Ball, location: 2F 2-2: Strikes out looking
|
Bottom of the 8th over - 2 runs, 2 hits, 0 errors, 2 left on base; Oakland 9 - Detroit 11 |
TOP OF THE 9TH |
Oakland Athletics batting - Pitching for Detroit Tigers : RHP Santo Alcala
|
Now at 3B: Mike Sproles
|
|
Now in RF: Joey McEndree
|
|
Batting: RHB Toby Harrah
|
0-0: Swinging Strike 0-1: Ball 1-1: Ball 2-1: Foul Ball, location: 2F 2-2: Ground out 5-3 (Groundball, 5, EV 86.3 MPH)
|
Batting: LHB Ruppert Jones
|
0-0: Ball 1-0: Ground out 6-3 (Groundball, 6S, EV 69.4 MPH)
|
Batting: RHB George Hendrick
|
0-0: Ball 1-0: Ball 2-0: Ground out 5-3 (Groundball, 56S, EV 85.0 MPH)
|
Top of the 9th over - 0 runs, 0 hits, 0 errors, 0 left on base; Oakland 9 - Detroit 11 |
|